 Dungeon Crawl Stone Soup version 0.28.0-53-g5a82cb258f (webtiles) character file.

Game seed: 448249167199056933

86 Peloso the Covered (level 4, -2/40 HPs)
             Began as a Minotaur Fighter on May 27, 2022.
             Slain by a gnoll
             ... wielding a +0 whip
              (3 damage)
             ... on level 4 of the Dungeon.
             The game lasted 00:01:22 (967 turns).

Peloso the Covered (Minotaur Fighter)                Turns: 967, Time: 00:01:22

Health: -2/40      AC:  8    Str: 21    XL:     4   Next: 27%
Magic:  3/3        EV:  9    Int:  5    God:
Gold:   22         SH:  5    Dex: 17    Spells: 3/3 levels left

rFire   . . .      SeeInvis .   a - +0 long sword
rCold   . . .      Faith    .   c - +0 buckler
rNeg    . . .      Spirit   .   b - +0 scale mail
rPois   .          Reflect  .   (helmet restricted)
rElec   .          Harm     .   (no cloak)
rCorr   .          Rampage  .   (no gloves)
Will    .....                   f - +0 pair of boots
Stlth   ..........              (no amulet)
HPRegen 0.13/turn               j - +6 ring of dexterity
MPRegen 0.08/turn               (no ring)

@: lethally poisoned (-2 -> -3)
A: horns 2, retaliatory headbutt
a: no special abilities


You were on level 4 of the Dungeon.
You visited 1 branch of the dungeon, and saw 3 of its levels.

You collected 22 gold pieces.

Inventory:

Hand Weapons
 a - a +0 long sword (weapon)
Armour
 b - a +0 scale mail (worn)
 c - a +0 buckler (worn)
 f - a +0 pair of boots (worn)
Jewellery
 j - a +6 ring of dexterity (left hand)
Wands
 k - a wand of flame (14)
Scrolls
 e - a scroll of teleportation {unknown}
 g - 2 scrolls of identify {unknown}
 i - a scroll of vulnerability {unknown}
Potions
 d - a potion of might
 h - a potion of degeneration {unknown}


   Skills:
 + Level 4.3 Fighting
 + Level 3.8 Long Blades
 + Level 4.4 Armour
 + Level 0.2 Dodging
 + Level 4.1 Shields


You had 3 spell levels left.
You didn't know any spells.
Your spell library contained the following spells:

 Spells                   Type           Power      Damage    Failure   Level
 Ignite Poison            Fire/Tmut/Pois 0%         N/A       99%         3
 Mephitic Cloud           Conj/Pois/Air  0%         N/A       99%         3
 Freezing Cloud           Conj/Ice/Air   0%         6-21      100%        5


Dungeon Overview and Level Annotations

Branches:
Dungeon (2/15)

Altars:

Shops:
D:2 [


Innate Abilities, Weirdness & Mutations

You have a pair of horns on your head.
You reflexively headbutt those who attack you in melee.


Message History

The gnoll shouts!
A quokka comes into view.
Found a club.
The gnoll hits you with a +0 whip. You block the scorpion's attack.
You hear the slow rusting of a very distant drain.
You hit the scorpion but do no damage.
The scorpion stings you but does no damage. x2
You hit the scorpion but do no damage. You headbutt the scorpion.
The scorpion is lightly wounded.
The scorpion stings you. The scorpion barely misses you.
You closely miss the scorpion.
The scorpion is lightly wounded.
The scorpion stings you.
You are poisoned.
The scorpion poisons you!
The quokka twitches its whiskers.
You hit the scorpion.
The scorpion is heavily wounded.
You feel very sick. The scorpion stings you. The gnoll closely misses you.
The scorpion stings you but does no damage.
You slash the scorpion!
You kill the scorpion!
You feel sick. The gnoll closely misses you.
The gnoll hits you from afar with a +0 halberd!
Your Shields skill increases to level 4!
You have reached level 4!
You feel stronger.
You closely miss the goblin. Your headbutt misses the goblin.
You feel sick. You block the goblin's attack. The gnoll closely misses you.
The goblin hits you but does no damage.
You slash the goblin!
You kill the goblin!
You feel sick. The gnoll closely misses you.
You slash the gnoll! Your headbutt misses the gnoll.
The gnoll is almost dead.
You feel sick. The gnoll hits you with a +0 whip!
* * * LOW HITPOINT WARNING * * *
The gnoll barely misses you. The gnoll hits you with a +0 whip.
You die...

..... )...# ...# #
..##.## ########..8..$#
#.............#
#########g............#
#......@gg........8..$#
#......##r........##.##
#.####.##..........##
#....#.##...........####
#....#.##...............
#....#.##.............##
#>...'............†.....
#....#.##.............##
#....#.##..)..........#


You could see 3 gnolls and a quokka.

Vanquished Creatures
  A scorpion (D:4)
  An adder (D:2)
  2 endoplasms
  4 hobgoblins
  2 jackals (D:2)
  5 kobolds (D:1)
  A quokka (D:1)
  A ball python (D:1)
  2 goblins
  A rat (D:1)
20 creatures vanquished.

Notes
Turn   | Place    | Note
-------+----------+-------------------------------------------
     0 | D:1      | Peloso the Minotaur Fighter began the quest for the Orb.
     0 | D:1      | Reached XP level 1. HP: 19/19 MP: 0/0
   532 | D:1      | Reached XP level 2. HP: 27/27 MP: 1/1
   906 | D:2      | Found Igetoi's Antique Armour Shoppe.
   908 | D:2      | You fall into a shaft and drop 2 floors!
   915 | D:4      | Reached XP level 3. HP: 32/33 MP: 2/2
   949 | D:4      | Noticed a scorpion
   964 | D:4      | Killed a scorpion
   965 | D:4      | Reached XP level 4. HP: 12/40 MP: 3/3
   967 | D:4      | HP: 1/40 [gnoll/+0 whip (7)]
   967 | D:4      | Slain by a gnoll

Illustrated notes

Levels and vault maps discovered:
D:1:      lightli_arrival_boilingwater, layout_basic
D:2:      minmay_wonky_spiral, layout_basic, serial_shops, shop
D:4:      layout_basic, jmf_multi_god_temple, cheibrodos_sewer_entry_bend

Skill      XL: |  1  2  3 |
---------------+----------+-----
Long Blades    | 3 |  3.8
Fighting       | 4 |  4.3
Armour         | 4 |  4.4
Shields        | 4 |  4.1
Dodging        | |  0.2

Action                   |  1- 3 |  4- 6 || total
-------------------------+-------+-------++-------
Melee: Long sword        |    41 |     3 ||    44
       Headbutt          |     2 |       ||     2
Armor: Scale mail        |    21 |     1 ||    22
Dodge: Dodged            |    20 |     3 ||    23
Block: Buckler           |    14 |     1 ||    15
